 Dungeon Sprint DCSS version 0.24.0-123-gd5b16e6ec5 (webtiles) character file.

Game seed: 17351769496344216001, levelgen mode: deterministic

3500000 Groucho the Intangible (level 20, -10/236 HPs)
             Began as a Deep Dwarf Assassin on Jan 11, 2020.
             Was a High Priest of Makhleb.
             Mangled by a large bag of meat
             ... wielding a +9 giant spiked club
              (41 damage)
             ... in the Dungeon (Sprint VIII: "Arena of Blood").
             The game lasted 00:01:32 (35 turns).

Groucho the Intangible (Deep Dwarf Assassin)          Turns: 35, Time: 00:01:33

Health: -10/236    AC:  6    Str: 16    XL:     20   Next: 98%
Magic:  18/43      EV: 35    Int: 14    God:    Makhleb [*****.]
Gold:   0          SH:  0    Dex: 20    Spells: 58/58 levels left

rFire    . . .     SeeInvis .   m - +∞ Axe of Woe
rCold    . . .     Gourm    .   (shield currently unavailable)
rNeg     + . .     Faith    .   b - +0 robe
rPois    .         Spirit   .   (no helmet)
rElec    .         Reflect  .   c - +0 cloak
rCorr    .         Harm     .   (no gloves)
MR       +++..     NoTele   +   (no boots)
Stlth    +++++++++.             (no amulet)
HPRegen  0.00/turn              (no ring)
MPRegen  0.28/turn              (no ring)

@: non-regenerating
A: damage resistance, heal wounds, negative energy resistance 1, sense
surroundings 3, no regeneration
a: Heal Wounds, Minor Destruction, Lesser Servant of Makhleb, Major Destruction,
Greater Servant of Makhleb, Renounce Religion


You were in the Dungeon.
You worshipped Makhleb.
Makhleb was extremely pleased with you.
You were not hungry.

You visited 1 branch

Inventory:

Hand Weapons
 a - a +2 dagger
 m - the +∞ Axe of Woe (weapon)
   (You found it in the Dungeon)
Missiles
 d - 8 poisoned darts (quivered)
 e - 2 curare-tipped darts
Armour
 b - a +0 robe (worn)
 c - a +0 cloak (worn)
Scrolls
 l - a scroll of blinking
Potions
 g - a potion of curing
 h - a potion of heal wounds
 i - a potion of haste
 j - 2 potions of magic
 k - a potion of berserk rage
Comestibles
 f - a ration


   Skills:
 O Level 27 Fighting
 + Level 21.4 Short Blades
 O Level 27 Axes
 + Level 21.3 Throwing
 O Level 27 Armour
 O Level 27 Dodging
 O Level 27 Stealth
 + Level 21.3 Unarmed Combat
 + Level 19.9 Spellcasting
 O Level 27 Invocations


You had 58 spell levels left.
You didn't know any spells.
Your spell library was empty.

Dungeon Overview and Level Annotations

Branches:
Dungeon (1/1)

Altars:
Makhleb

Annotations:
D The Servant


Innate Abilities, Weirdness & Mutations

You are resistant to damage.
You can heal yourself by infusing magical energy.
You resist negative energy. (rN+)
You passively map a large area around you.
You do not regenerate.


Message History

You are engulfed in blazing flames.
You hear a shout! x3
The meat berserker is engulfed in blazing flames.
You hear a shout!
The large bag of meat is engulfed in blazing flames.
You hear a shout! x3
Unknown command.
Unknown command.
A meat berserker comes into view. It is wielding a +9 battleaxe.
The meat berserker is engulfed in blazing flames.
You hear a shout! x2
The Servant hits you with a +9 glaive of flaming!!!!
Ouch! That really hurt!
The Servant burns you!!!
* * * LOW HITPOINT WARNING * * *
You hear a shout! x3
The bag of meat is engulfed in blazing flames.
The large bag of meat is engulfed in blazing flames.
The large bag of meat hits you with a +9 giant spiked club!!!
You die...

, ,, , .. ..... ,
, * , , , #..
...# ,,, ,, , ,,
,,, #.o, ...# . ,
, ,, .###%o
...###..,, ,
,.....o###...%..
, , *
....§☼§§.... ,
#§§o§.# ,, ,, , ,
, , #§OO§_# , , ,
#V§@).# , , ,
......@_........
, , , ,
....o.###.%.....,
, , , , .###..
,...###.. ,, , ,,
#.. ...# ,. , , ,
, , #%, ...#, , ,
,* , ..,,..... ,
, , , , .. .... ,
, * , , , ,


You could see The Servant, a destroyer, a large bag of meat (inner flame), a
meat berserker (berserk) and 5 bags of meat.

Vanquished Creatures
  2 vampire knights (D)
  7 ogres (D)
  3 two-headed ogres (D)
  6 orcs (D)
18 creatures vanquished.

Notes
Turn   | Place    | Note
-------+----------+-------------------------------------------
     0 | D        | Found the +∞ Axe of Woe
     0 | D        | Groucho the Deep Dwarf Assassin began the quest for the
                  | Orb.
     0 | D        | Reached XP level 1. HP: 19/19 MP: 1/1
     2 | D        | Noticed a bag of meat
     3 | D        | Noticed a bag of meat
     4 | D        | Became a worshipper of Makhleb the Destroyer
     4 | D        | Noticed a bag of meat
     9 | D        | Killed a bag of meat
     9 | D        | Reached XP level 2. HP: 26/26 MP: 2/2
     9 | D        | Reached XP level 3. HP: 32/32 MP: 3/3
     9 | D        | Reached XP level 4. HP: 39/39 MP: 4/4
     9 | D        | Reached XP level 5. HP: 45/45 MP: 5/5
     9 | D        | Reached XP level 6. HP: 52/52 MP: 6/6
     9 | D        | Reached XP level 7. HP: 58/58 MP: 7/7
     9 | D        | Reached XP level 8. HP: 66/66 MP: 8/8
     9 | D        | Gained mutation: You passively map the area around you.
                  | [Deep Dwarf growth]
     9 | D        | Reached XP level 9. HP: 73/73 MP: 9/9
     9 | D        | Reached XP level 10. HP: 80/80 MP: 10/10
     9 | D        | Reached XP level 11. HP: 86/86 MP: 11/11
    10 | D        | Noticed a meat berserker
    11 | D        | Killed a bag of meat
    11 | D        | Reached * piety under Makhleb
    11 | D        | Reached XP level 12. HP: 83/93 MP: 12/12
    12 | D        | Noticed a bag of meat
    14 | D        | Killed a meat berserker
    14 | D        | Reached skill level 27 in Axes
    14 | D        | Reached skill level 27 in Dodging
    14 | D        | Reached XP level 13. HP: 96/108 MP: 13/13
    14 | D        | Gained mutation: You resist negative energy. (rN+) [Deep
                  | Dwarf growth]
    14 | D        | Reached XP level 14. HP: 102/115 MP: 14/14
    14 | D        | Noticed a bag of meat
    14 | D        | Noticed a meat berserker
    15 | D        | Killed a bag of meat
    15 | D        | Reached skill level 10 in Fighting
    17 | D        | Killed a meat berserker
    17 | D        | Reached ** piety under Makhleb
    17 | D        | Reached XP level 15. HP: 74/158 MP: 15/15
    17 | D        | Noticed a meat berserker
    18 | D        | Noticed a meat berserker
    22 | D        | Noticed a meat berserker
    22 | D        | Noticed a destroyer
    23 | D        | Killed a meat berserker
    23 | D        | Reached XP level 16. HP: 75/177 MP: 16/16
    23 | D        | Noticed a large bag of meat
    23 | D        | Noticed a meat berserker
    24 | D        | Killed a meat berserker
    25 | D        | Noticed a large bag of meat
    26 | D        | Reached *** piety under Makhleb
    26 | D        | Reached skill level 27 in Armour
    26 | D        | Reached XP level 17. HP: 143/200 MP: 17/17
    26 | D        | Noticed a large bag of meat
    27 | D        | Noticed a large bag of meat
    28 | D        | Killed a large bag of meat
    28 | D        | Reached skill level 27 in Fighting
    28 | D        | Reached skill level 10 in Invocations
    28 | D        | Killed a meat berserker
    28 | D        | Reached **** piety under Makhleb
    28 | D        | Reached skill level 15 in Stealth
    28 | D        | Reached skill level 10 in Unarmed Combat
    28 | D        | Reached skill level 10 in Spellcasting
    28 | D        | Gained mutation: You passively map a large area around you.
                  | [Deep Dwarf growth]
    28 | D        | Reached XP level 18. HP: 174/218 MP: 17/32
    28 | D        | Killed a meat berserker
    29 | D        | Noticed The Servant
    29 | D        | Noticed a meat berserker
    30 | D        | Noticed a destroyer
    30 | D        | Killed a large bag of meat
    30 | D        | Reached XP level 19. HP: 226/226 MP: 17/36
    30 | D        | Noticed a meat berserker
    30 | D        | Noticed a destroyer
    31 | D        | Killed a destroyer
    31 | D        | Reached ***** piety under Makhleb
    31 | D        | Reached skill level 15 in Spellcasting
    33 | D        | Killed a destroyer
    33 | D        | Reached XP level 20. HP: 236/236 MP: 18/41
    34 | D        | Killed a meat berserker
    34 | D        | Killed a large bag of meat
    34 | D        | Reached skill level 27 in Stealth
    34 | D        | Reached skill level 27 in Invocations
    35 | D        | Noticed a meat berserker
    35 | D        | Mangled by a large bag of meat

Levels and vault maps discovered:
D:        meatsprint

Skill      XL: |  1  2  3  4  5  6  7  8  9 10 11 12 13 14 15 16 17 18 19 20 |
---------------+-------------------------------------------------------------+-----
Axes           | 20 23 27 | 27.0
Dodging        | 20 23 27 | 27.0
Fighting       | 4 16 20 24 27 | 27.0
Armour         | 4 19 23 27 | 27.0
Short Blades   | 11 14 18 21 | 21.4
Throwing       | 11 14 18 21 | 21.3
Stealth        | 15 20 24 27 | 27.0
Unarmed Combat | 10 14 18 21 | 21.3
Spellcasting   | 10 13 17 19 | 19.9
Invocations    | 14 19 24 27 | 27.0

Action                   |  1- 3 |  4- 6 |  7- 9 | 10-12 | 13-15 | 16-18 | 19-21 || total
-------------------------+-------+-------+-------+-------+-------+-------+-------++-------
Melee: Executioner's axe |     1 |       |       |     2 |     3 |     4 |     3 ||    13
Dodge: Dodged            |       |       |       |       |       |       |     1 ||     1
